GULF
ST. PETE CARDINALS @ GALVESTON SAND CRABS
08/29/1972
 
TOP OF THE 1ST
St. Pete Cardinals batting - Pitching for Galveston Sand Crabs : RHP Gary Marshall
Pitching: RHP Gary Marshall
Batting: LHB Barney Vance 0-0: Ball
1-0: Swinging Strike
1-1: Ball
2-1: Ball
3-1: Base on Balls
Batting: RHB Ron Kinner 0-0: Called Strike
0-1: Ball
1-1: Foul Ball, location: 2F
1-2: Foul Ball, location: 2F
1-2: Foul Ball, location: 2F
1-2: Fielders Choice at 2nd, 1-6 (Groundball, P)
Batting: RHB Scott King 0-0: Swinging Strike
0-1: Ball
1-1: Ball
Passed Ball!
Ron Kinner to second
2-1: Called Strike
2-2: Foul Ball, location: 2F
2-2: Foul Ball, location: 2F
2-2: Foul Ball, location: 2F
2-2: Foul Ball, location: 2F
2-2: Fly out, F3 (Popup, 34S)
Batting: SHB Gregory Hill 0-0: Ball
1-0: Called Strike
1-1: Ball
2-1: Swinging Strike
2-2: Foul Ball, location: 2F
2-2: Ball
3-2: Base on Balls
Batting: RHB Josh Flanders 0-0: SINGLE (Groundball, 6D)
Ron Kinner to third
Gregory Hill to second
Runner from 3rd tries for Home, SAFE, no throw
Batting: RHB Ronnie Farkas 0-0: Ball
1-0: Swinging Strike
1-1: Ball
2-1: Foul Ball, location: 2F
2-2: Foul Ball, location: 2F
2-2: Ball
3-2: Reached on error, E6 (Groundball, 6)
Gregory Hill to third
Josh Flanders to second
Batting: LHB Jorge Ramirez 0-0: Called Strike
0-1: Foul Ball, location: 2F
0-2: Ball
1-2: Foul Ball, location: 2F
1-2: Foul Ball, location: 2F
1-2: Fly out, F7 (Flyball, 7LDF)
Top of the 1st over - 1 run, 1 hit, 1 error, 3 left on base; St. Pete 1 - Galveston 0
BOTTOM OF THE 1ST
Galveston Sand Crabs batting - Pitching for St. Pete Cardinals : RHP Joe Edelen
Pitching: RHP Joe Edelen
Batting: LHB Dan Black 0-0: Ball
1-0: Swinging Strike
1-1: Swinging Strike
1-2: Ball
2-2: Ball
3-2: Base on Balls
Batting: RHB Osvaldo Ortiz 0-0: Called Strike
0-1: Called Strike
0-2: Ball
1-2: Ball
2-2: Ball
3-2: Strikes out looking
Batting: LHB Larry Walters 0-0: Ball
1-0: Foul Ball, location: 2F
1-1: Ball
2-1: Ball
3-1: Called Strike
3-2: Fly out, F8 (Flyball, 89M)
Batting: RHB Jared Heinold 0-0: Ball
1-0: Ball
2-0: SINGLE (Line Drive, 89S)
Dan Black to second
Batting: RHB Mark Bisordi 0-0: Ball
1-0: Called Strike
1-1: Fly out, F6 (Popup, 56D)
Bottom of the 1st over - 0 runs, 1 hit, 0 errors, 2 left on base; St. Pete 1 - Galveston 0
TOP OF THE 2ND
St. Pete Cardinals batting - Pitching for Galveston Sand Crabs : RHP Gary Marshall
Batting: SHB Mike Walsh 0-0: Fly out, F6 (Popup, P)
Batting: RHB Alexis Guerrero 0-0: Called Strike
0-1: Called Strike
0-2: Strikes out looking
Batting: LHB Barney Vance 0-0: Called Strike
0-1: Ball
1-1: Swinging Strike
1-2: Ball
2-2: Foul Ball, location: 2F
2-2: Ball
3-2: Ground out 6-3 (Groundball, 56)
Top of the 2nd over - 0 runs, 0 hits, 0 errors, 0 left on base; St. Pete 1 - Galveston 0
BOTTOM OF THE 2ND
Galveston Sand Crabs batting - Pitching for St. Pete Cardinals : RHP Joe Edelen
Batting: LHB Joe Duffee 0-0: SINGLE (Groundball, 6D)
Batting: RHB Corey LaPlante 0-0: Foul Ball, location: 2F
0-1: Ball
1-1: Ball
2-1: Fly out, F8 (Line Drive, 89M)
Batting: RHB Joe Hagie 0-0: Ball
1-0: Ball
2-0: Foul Ball, location: 2F
2-1: Ball
3-1: DOUBLE (Line Drive, 78D)
Joe Duffee to third
Batting: SHB Nate Schrantz 0-0: Ball
1-0: Swinging Strike
1-1: Fly out, F9 (Flyball, 89M)
Batting: LHB Dan Black Balk!
Joe Duffee scores
Joe Hagie to third
0-0: Called Strike
0-1: Foul Ball, location: 2F
0-2: Ball
1-2: Ball
2-2: Foul Ball, location: 2F
2-2: Foul Ball, location: 2F
2-2: Foul Ball, location: 2F
2-2: Fly out, F7 (Flyball, 7D)
Bottom of the 2nd over - 1 run, 2 hits, 0 errors, 1 left on base; St. Pete 1 - Galveston 1
TOP OF THE 3RD
St. Pete Cardinals batting - Pitching for Galveston Sand Crabs : RHP Gary Marshall
Batting: RHB Ron Kinner 0-0: Ball
1-0: Ground out 1-3 (Groundball, P)
Batting: RHB Scott King 0-0: Ball
1-0: Ground out 1-3 (Groundball, 15S)
Batting: SHB Gregory Hill 0-0: Called Strike
0-1: Ball
1-1: Called Strike
1-2: Ground out U3 (Groundball, 3)
Top of the 3rd over - 0 runs, 0 hits, 0 errors, 0 left on base; St. Pete 1 - Galveston 1
BOTTOM OF THE 3RD
Galveston Sand Crabs batting - Pitching for St. Pete Cardinals : RHP Joe Edelen
Batting: RHB Osvaldo Ortiz 0-0: Ball
1-0: Foul Ball, location: 2F
1-1: Swinging Strike
1-2: Ball
2-2: SINGLE (Line Drive, 4MD)
Batting: LHB Larry Walters 0-0: Called Strike
0-1: Ball
Wild Pitch!
Osvaldo Ortiz to second
1-1: Ball
2-1: SINGLE (Line Drive, 34D)
Osvaldo Ortiz to third
Batting: RHB Jared Heinold 0-0: Fly out, F2 (Popup, 2RF)
Batting: RHB Mark Bisordi 0-0: Ball
1-0: SINGLE (Groundball, 6) (infield hit)
Osvaldo Ortiz scores
Larry Walters to second
Batting: LHB Joe Duffee 0-0: Called Strike
0-1: Ball
1-1: Fly out, F4 (Popup, 4M)
Batting: RHB Corey LaPlante 0-0: Called Strike
0-1: SINGLE (Groundball, 6D)
Larry Walters to third
Mark Bisordi to second
Runner from 3rd tries for Home, SAFE, throw made home
Batting: RHB Joe Hagie 0-0: Ball
1-0: Called Strike
1-1: Ball
2-1: Foul Ball, location: 2F
2-2: Ball
3-2: Strikes out swinging
Bottom of the 3rd over - 2 runs, 4 hits, 0 errors, 2 left on base; St. Pete 1 - Galveston 3
TOP OF THE 4TH
St. Pete Cardinals batting - Pitching for Galveston Sand Crabs : RHP Gary Marshall
Batting: RHB Josh Flanders 0-0: Foul Ball, location: 2F
0-1: Ball
1-1: Foul Ball, location: 2F
1-2: Foul Ball, location: 2F
1-2: Foul Ball, location: 2F
1-2: Strikes out swinging
Batting: RHB Ronnie Farkas 0-0: Foul Ball, location: 2F
0-1: Ball
1-1: Ball
2-1: Foul Ball, location: 2F
2-2: Single, Error in OF, E8, batter to second base
Batting: LHB Jorge Ramirez 0-0: Ground out U3 (Groundball, 3)
Ronnie Farkas to third
Batting: SHB Mike Walsh 0-0: Ground out U3 (Groundball, 34)
Top of the 4th over - 0 runs, 1 hit, 1 error, 1 left on base; St. Pete 1 - Galveston 3
BOTTOM OF THE 4TH
Galveston Sand Crabs batting - Pitching for St. Pete Cardinals : RHP Joe Edelen
Batting: SHB Nate Schrantz 0-0: Swinging Strike
0-1: Ball
1-1: Ground out 5-3 (Groundball, 56)
Batting: LHB Dan Black 0-0: Ball
1-0: Ball
2-0: Ball
3-0: Ground out 6-3 (Groundball, 56)
Batting: RHB Osvaldo Ortiz 0-0: Ball
1-0: Called Strike
1-1: Ball
2-1: Ground out 5-3 (Groundball, 56)
Bottom of the 4th over - 0 runs, 0 hits, 0 errors, 0 left on base; St. Pete 1 - Galveston 3
TOP OF THE 5TH
St. Pete Cardinals batting - Pitching for Galveston Sand Crabs : RHP Gary Marshall
Batting: RHB Alexis Guerrero 0-0: Ball
1-0: SINGLE (Groundball, 34D)
Batting: LHB Barney Vance 0-0: Sac Bunt - play at first, batter OUT! 3-4
Alexis Guerrero to second
Batting: RHB Ron Kinner 0-0: Ball
1-0: Ball
2-0: Foul Ball, location: 2F
2-1: Foul Ball, location: 2F
2-2: Ball
3-2: Strikes out looking
Batting: RHB Scott King 0-0: Ground out 6-3 (Groundball, 6)
Top of the 5th over - 0 runs, 1 hit, 0 errors, 1 left on base; St. Pete 1 - Galveston 3
BOTTOM OF THE 5TH
Galveston Sand Crabs batting - Pitching for St. Pete Cardinals : RHP Joe Edelen
Batting: LHB Larry Walters 0-0: Called Strike
0-1: Ball
1-1: Foul Ball, location: 2F
1-2: Ball
2-2: Fly out, F3 (Line Drive, 34S)
Batting: RHB Jared Heinold 0-0: Called Strike
0-1: Swinging Strike
0-2: Foul Ball, location: 2F
0-2: Fly out, F6 (Popup, 56)
Batting: RHB Mark Bisordi 0-0: SINGLE (Groundball, 6D)
Batting: LHB Joe Duffee 0-0: Ball
1-0: SINGLE (Groundball, 6MD)
Mark Bisordi to second
Batting: RHB Corey LaPlante 0-0: Ball
1-0: Swinging Strike
1-1: Swinging Strike
1-2: Strikes out looking
Bottom of the 5th over - 0 runs, 2 hits, 0 errors, 2 left on base; St. Pete 1 - Galveston 3
TOP OF THE 6TH
St. Pete Cardinals batting - Pitching for Galveston Sand Crabs : RHP Gary Marshall
Batting: SHB Gregory Hill 0-0: Foul Ball, location: 2F
0-1: SOLO HOME RUN (Flyball, 9D), Distance : 367 ft
Batting: RHB Josh Flanders 0-0: Called Strike
0-1: Called Strike
0-2: Ball
1-2: Foul Ball, location: 2F
1-2: Foul Ball, location: 2F
1-2: Ball
2-2: Ball
3-2: Fly out, F5 (Popup, 15S)
Batting: RHB Ronnie Farkas 0-0: Foul Ball, location: 2F
0-1: Ball
1-1: Ball
2-1: Swinging Strike
2-2: Strikes out swinging
Batting: LHB Jorge Ramirez 0-0: Ball
1-0: Called Strike
1-1: Fly out, F9 (Flyball, 89M)
Top of the 6th over - 1 run, 1 hit, 0 errors, 0 left on base; St. Pete 2 - Galveston 3
BOTTOM OF THE 6TH
Galveston Sand Crabs batting - Pitching for St. Pete Cardinals : RHP Joe Edelen
Batting: RHB Joe Hagie 0-0: Called Strike
0-1: Ball
1-1: Foul Ball, location: 2F
1-2: Strikes out swinging
Batting: SHB Nate Schrantz 0-0: Called Strike
0-1: Foul Ball, location: 2F
0-2: Ball
1-2: Strikes out looking
Batting: LHB Dan Black 0-0: SOLO HOME RUN (Flyball, 9LD), Distance : 345 ft
Batting: RHB Osvaldo Ortiz 0-0: Called Strike
0-1: Ball
1-1: Ball
2-1: Ground out 4-3 (Groundball, 4S)
Bottom of the 6th over - 1 run, 1 hit, 0 errors, 0 left on base; St. Pete 2 - Galveston 4
TOP OF THE 7TH
St. Pete Cardinals batting - Pitching for Galveston Sand Crabs : RHP Gary Marshall
Batting: SHB Mike Walsh 0-0: Ball
1-0: Ball
2-0: SOLO HOME RUN (Flyball, 9LD), Distance : 326 ft
Pitching: RHP Ryan Griffin
Batting: RHB Alexis Guerrero 0-0: Called Strike
0-1: Ball
1-1: Swinging Strike
1-2: Strikes out looking
Batting: LHB Barney Vance 0-0: Ball
1-0: Ball
2-0: Foul Ball, location: 2F
2-1: Called Strike
2-2: Strikes out swinging
Batting: RHB Ron Kinner 0-0: Swinging Strike
0-1: Fly out, F9 (Flyball, 9)
Top of the 7th over - 1 run, 1 hit, 0 errors, 0 left on base; St. Pete 3 - Galveston 4
BOTTOM OF THE 7TH
Galveston Sand Crabs batting - Pitching for St. Pete Cardinals : RHP Joe Edelen
Batting: LHB Larry Walters 0-0: Ball
1-0: Called Strike
1-1: Ball
2-1: DOUBLE (Line Drive, 78D)
Batting: RHB Jared Heinold 0-0: Called Strike
0-1: Ball
1-1: Foul Ball, location: 2F
1-2: Ground out 5-3 (Groundball, 5)
Batting: RHB Mark Bisordi 0-0: Ball
1-0: Called Strike
1-1: Ball
2-1: Ground out U3 (Groundball, 3)
Larry Walters to third
Pitching: RHP Terry Harrington
Pinch Hitting: LHB Jim Unknown 0-0: Called Strike
0-1: Swinging Strike
0-2: Ball
1-2: Strikes out swinging
Bottom of the 7th over - 0 runs, 1 hit, 0 errors, 1 left on base; St. Pete 3 - Galveston 4
TOP OF THE 8TH
St. Pete Cardinals batting - Pitching for Galveston Sand Crabs : RHP Ryan Griffin
Now in CF: Jim Unknown
Batting: RHB Scott King 0-0: Called Strike
0-1: Called Strike
0-2: Strikes out swinging
Batting: SHB Gregory Hill 0-0: Foul Ball, location: 2F
0-1: Called Strike
0-2: Strikes out swinging
Batting: RHB Josh Flanders 0-0: Called Strike
0-1: Ball
1-1: Swinging Strike
1-2: Ball
2-2: Ball
3-2: SOLO HOME RUN (Flyball, 7D), Distance : 361 ft
Batting: RHB Ronnie Farkas 0-0: SINGLE (Line Drive, 56D)
Batting: LHB Jorge Ramirez 0-0: Ball
1-0: Called Strike
1-1: Called Strike
1-2: Strikes out swinging
Top of the 8th over - 1 run, 2 hits, 0 errors, 1 left on base; St. Pete 4 - Galveston 4
BOTTOM OF THE 8TH
Galveston Sand Crabs batting - Pitching for St. Pete Cardinals : RHP Terry Harrington
Pitching: LHP Tom Alger
Batting: RHB Corey LaPlante 0-0: Ball
1-0: Swinging Strike
1-1: Foul Ball, location: 2F
1-2: Strikes out looking
Batting: RHB Joe Hagie 0-0: Ball
1-0: Called Strike
1-1: Foul Ball, location: 2F
1-2: Strikes out swinging
Pinch Hitting: RHB Justin Linko 0-0: Called Strike
0-1: Swinging Strike
0-2: Ball
1-2: Strikes out swinging
Bottom of the 8th over - 0 runs, 0 hits, 0 errors, 0 left on base; St. Pete 4 - Galveston 4
TOP OF THE 9TH
St. Pete Cardinals batting - Pitching for Galveston Sand Crabs : RHP Ryan Griffin
Now in RF: Jim Unknown
Batting: SHB Mike Walsh 0-0: Ball
1-0: SINGLE (Line Drive, 6M)
Pinch Hitting: LHB Mark Hale 0-0: Ball
1-0: Called Strike
1-1: Called Strike
1-2: Ball
2-2: Ball
3-2: Foul Ball, location: 2F
3-2: SINGLE (Line Drive, 89S)
Mike Walsh to second
Mike Walsh to third
Batting: LHB Barney Vance 0-0: SINGLE (Groundball, 6MD)
Mike Walsh scores
Mark Hale to second
Runner from 2nd tries for 3rd, SAFE, no throw
Batting: RHB Ron Kinner 0-0: Called Strike
0-1: Swinging Strike
0-2: Fly out, F8 (Flyball, 8RD)
Runner from 3rd tags up, SCORES, throw made
Batting: RHB Scott King 0-0: Called Strike
Barney Vance steals 2nd base
0-1: Ball
Wild Pitch!
Barney Vance to third
1-1: Ball
2-1: Ball
3-1: Called Strike
3-2: Foul Ball, location: 2F
3-2: Base on Balls
Batting: SHB Gregory Hill 0-0: Ball
1-0: Swinging Strike
1-1: SINGLE (Line Drive, 9LS)
Barney Vance scores
Scott King to second
Runner from 2nd tries for 3rd, SAFE, no throw
Pitching: RHP Luis Sanchez
Batting: RHB Josh Flanders 0-0: Ball
1-0: Called Strike
1-1: Ball
2-1: Swinging Strike
2-2: Ground out 5-3 (Groundball, 56)
Gregory Hill to second
Batting: RHB Ronnie Farkas 0-0: Called Strike
0-1: Ball
1-1: SINGLE (Line Drive, 6MD)
Scott King scores
Gregory Hill to third
Batting: LHB Jorge Ramirez 0-0: Called Strike
0-1: Ground out 6-3 (Groundball, 6S)
Top of the 9th over - 4 runs, 5 hits, 0 errors, 2 left on base; St. Pete 8 - Galveston 4
BOTTOM OF THE 9TH
Galveston Sand Crabs batting - Pitching for St. Pete Cardinals : LHP Tom Alger
Now at 2B: Mark Mueller
Batting: LHB Dan Black 0-0: Ball
1-0: Ball
2-0: Ball
3-0: Called Strike
3-1: Base on Balls
Batting: RHB Osvaldo Ortiz 0-0: Called Strike
0-1: Foul Ball, location: 2F
0-2: Foul Ball, location: 2F
0-2: Foul Ball, location: 2F
0-2: Ball
1-2: Strikes out swinging
Batting: LHB Larry Walters 0-0: Ball
Wild Pitch!
Dan Black to second
1-0: Ground out 6-3 (Groundball, 6S)
Dan Black to third
Batting: RHB Jared Heinold 0-0: Ball
1-0: Called Strike
1-1: Fly out, F7 (Flyball, 7LS)
Bottom of the 9th over - 0 runs, 0 hits, 0 errors, 1 left on base; St. Pete 8 - Galveston 4
Saturday, January 13th, 2018 - OOTP Baseball 18.8 Build 76